 Dungeon Crawl Stone Soup version 0.22.1-2-g9c5b331 (webtiles) character file.

299 errolflynn the Chopper (level 6, -1/53 HPs)
             Began as a Minotaur Berserker on Jan 2, 2019.
             Was a Believer of Trog.
             Slain by a hound (3 damage)
             ... on level 5 of the Dungeon.
             The game lasted 00:51:17 (3688 turns).

errolflynn the Chopper (Minotaur Berserker)         Turns: 3688, Time: 00:51:18

Health: -1/53      AC: 12    Str: 23    XL:     6   Next: 13%
Magic:  6/6        EV:  8    Int:  4    God:    Trog [**....]
Gold:   124        SH:  3    Dex: 10    Spells: 6/6 levels left

rFire    + . .     SeeInvis .   J - +0 mace (crush)
rCold    + . .     Gourm    .   k - +0 buckler
rNeg     . . .     Faith    .   K - +2 chain mail {rF+}
rPois    .         Spirit   .   (helmet restricted)
rElec    .         Reflect  .   m - +0 cloak
rCorr    .         Harm     .   (no gloves)
MR       .....     Rnd*Tele +   (no boots)
Stlth    ..........             (no amulet)
HPRegen  0.17/turn              f - ring of teleportation (curse)
MPRegen  0.10/turn              N - ring of protection from cold

@: lethally poisoned (-1 -> -8)
A: retaliatory headbutt, horns 2
a: Berserk, Trog's Hand, Renounce Religion


You were on level 5 of the Dungeon.
You worshipped Trog.
Trog was pleased with you.
You were not hungry.

You visited 1 branch of the dungeon, and saw 4 of its levels.

You collected 124 gold pieces.

Inventory:

Hand Weapons
 a - a +0 hand axe
 e - a +0 spear
 g - a +0 mace
 i - a +0 short sword
 l - a +0 whip
 p - a +0 club
 s - a +0 dagger
 z - a cursed +0 hunting sling
 C - a +0 long sword
 J - a +0 mace of crushing (weapon)
 W - a +0 spear
Missiles
 h - 83 stones (quivered)
 u - 13 poisoned needles
 y - 18 sling bullets
 A - 43 bolts
Armour
 b - a +0 animal skin
 d - a +0 pair of gloves
 k - a +0 buckler (worn)
 m - a +0 cloak (worn)
 n - a +0 scale mail
 r - a +0 scale mail
 x - a cursed +0 leather armour
 B - a +0 robe
 G - a +0 leather armour
 H - a +0 scale mail
 K - a +2 chain mail of fire resistance (worn)
 P - a +0 robe
 Q - a +0 buckler
Jewellery
 f - a cursed ring of teleportation (left hand)
 N - a ring of protection from cold (right hand)
Wands
 M - a wand of iceblast (9)
Scrolls
 o - a scroll of fog {unknown}
 v - a scroll of enchant armour {unknown}
 w - 3 scrolls of identify {unknown}
 I - a scroll of random uselessness {unknown}
 L - 2 scrolls of remove curse {unknown}
 O - a scroll of amnesia {unknown}
 R - a scroll of blinking {unknown}
 U - a scroll of teleportation {unknown}
Potions
 j - 2 potions of heal wounds {unknown}
 q - a potion of agility {unknown}
 t - a potion of curing {unknown}
 D - 2 potions of flight {unknown}
 E - a potion of berserk rage {unknown}
 F - a potion of brilliance {unknown}
Comestibles
 c - 3 rations


   Skills:
 * Level 4.5 Fighting
 * Level 5.0(5.2) Axes
 * Level 1.7(3.6) Maces & Flails
 * Level 4.5 Armour
 * Level 3.0 Dodging
 + Level 0.2 Stealth
 * Level 1.8 Shields
 - Level 0.8 Spellcasting


You had 6 spell levels left.
You didn't know any spells.
Your spell library was empty.

Dungeon Overview and Level Annotations

Branches:
Dungeon (5/15)
 Temple: D:4-7

Altars:
Qazlal

Shops:
D:4 :[


Innate Abilities, Weirdness & Mutations

You reflexively headbutt those who attack you in melee.
You have a pair of horns on your head.


Message History

You feel sick. The hound bites you but does no damage.
The adder bites you but does no damage. The hound bites you but does no damage.
The worker ant bites you but does no damage.
You block the scorpion's attack. You block the adder's attack.
Your chain mail prevents you from hitting the worker ant.
The worker ant is moderately wounded.
* * * LOW HITPOINT WARNING * * *
You feel sick. The hound barely misses you.
The worker ant bites you but does no damage.
The adder misses you. The scorpion barely misses you.
The hound bites you but does no damage.
The jackal bites you but does no damage.
You sock the worker ant!
You kill the worker ant!
Trog accepts your kill.
* * * LOW HITPOINT WARNING * * *
You feel sick. The hound bites you but does no damage.
The adder bites you but does no damage. You block the jackal's attack.
The scorpion closely misses you. The hound bites you.
You die...

... ....###.####........
...##.........##........
...?#..##.....##........
.......#......###.......
.........#....###......#
#.............#........#
.......................#
#.....h†##....#........#
#....hh@##..†.#........#
#.....sS##.>..##########
#.......##....#
#.......#######
#.......# #.......#
#.......# #########


You could see a scorpion, a hound, an adder and 2 jackals.

Vanquished Creatures
  A scorpion (D:4)
  Terence (D:2)
  2 iguanas
  3 worker ants
  4 gnolls (D:4)
  An adder (D:4)
  An ooze (D:4)
  A worm (D:5)
  2 leopard geckos (D:4)
  A ball python (D:1)
  5 bats
  2 giant cockroaches
  6 goblins
  4 hobgoblins
  8 jackals
  3 quokkas (D:4)
  4 frilled lizards
  5 kobolds
  2 rats
  4 bushes (D:1)
  5 plants (D:1)
65 creatures vanquished.

Notes
Turn   | Place    | Note
-------+----------+-------------------------------------------
     0 | D:1      | errolflynn the Minotaur Berserker began the quest for the
                  | Orb.
     0 | D:1      | Reached XP level 1. HP: 19/19 MP: 0/0
   634 | D:1      | Reached XP level 2. HP: 27/27 MP: 1/1
   922 | D:1      | Reached skill level 4 in Axes
  1582 | D:2      | Reached XP level 3. HP: 34/34 MP: 2/2
  1693 | D:2      | Noticed Terence
  1715 | D:2      | Reached ** piety under Trog
  1716 | D:2      | Killed Terence
  2318 | D:2      | You fall through a shaft for 2 floors!
  2323 | D:4      | Reached XP level 4. HP: 40/41 MP: 3/3
  2571 | D:4      | Found Optuoh's Antique Armour Boutique.
  2961 | D:4      | Reached skill level 1 in Maces & Flails
  3073 | D:4      | Reached skill level 1 in Shields
  3073 | D:4      | Reached XP level 5. HP: 36/47 MP: 3/5
  3128 | D:4      | Reached skill level 5 in Axes
  3322 | D:4      | Found Gokaj's Book Boutique.
  3334 | D:4      | Found a stormy altar of Qazlal.
  3582 | D:5      | Entered Level 5 of the Dungeon
  3663 | D:5      | Reached XP level 6. HP: 25/53 MP: 6/6
  3688 | D:5      | HP: 2/53 [poisoned by a scorpion]
  3688 | D:5      | Slain by a hound

Skill      XL: |  1  2  3  4  5 |
---------------+----------------+-----
Fighting       | 4 |  4.5
Axes           | 4 5 |  5.0
Maces & Flails | 1 |  1.7
Armour         | 3 4 |  4.5
Dodging        | 3 |  3.0
Shields        | 1 |  1.8
Stealth        | |  0.2
Spellcasting   | |  0.8

Action                   |  1- 3 |  4- 6 || total
-------------------------+-------+-------++-------
Melee: Hand axe          |   370 |       ||   370
       Headbutt          |   139 |    10 ||   149
       Mace              |     3 |    51 ||    54
  Eat: Ration            |     2 |     1 ||     3
Armor: Animal skin       |    11 |       ||    11
       Scale mail        |    28 |       ||    28
       Chain mail        |     3 |    42 ||    45
Dodge: Dodged            |    54 |    34 ||    88
Block: Buckler           |     6 |     8 ||    14
